 Dungeon Crawl Stone Soup version 0.22.1-2-g9c5b331383 (webtiles) character file.

2298 Knicklaso the Slinger (level 9, -2/54 HPs)
             Began as a Halfling Skald on Dec 12, 2018.
             Was a Believer of Makhleb.
             Slain by an orc warrior
             ... wielding a +0 mace
              (14 damage)
             ... on level 7 of the Dungeon.
             The game lasted 00:25:38 (9105 turns).

Knicklaso the Slinger (Halfling Skald)              Turns: 9105, Time: 00:25:39

Health: -2/54      AC: 11    Str: 12    XL:     9   Next: 67%
Magic:  13/13      EV: 14    Int: 14    God:    Makhleb [**....]
Gold:   0          SH:  6    Dex: 14    Spells: 10/11 levels left

rFire    . . .     SeeInvis .   b - +0 hunting sling
rCold    . . .     Gourm    .   c - +0 buckler
rNeg     + . .     Faith    .   C - +3 leather armour {MR+}
rPois    +         Spirit   .   u - +1 helmet
rElec    +         Reflect  .   H - +1 cloak of Courage {+Blink rElec rPois rC-}
rCorr    .         Harm     .   (no gloves)
MR       +....                  (no boots)
Stlth    +.........             (no amulet)
HPRegen  0.18/turn              q - ring of protection from cold
MPRegen  0.13/turn              G - ring of positive energy

@: infused
A: small, mutation resistance 1
a: Minor Destruction, Renounce Religion, Evoke Blink


You were on level 7 of the Dungeon.
You worshipped Makhleb.
Makhleb was pleased with you.
You were not hungry.

You visited 1 branch of the dungeon, and saw 7 of its levels.

You collected 365 gold pieces.
You spent 365 gold pieces at shops.

Inventory:

Hand Weapons
 a - a +2 dagger of speed
 b - a +0 hunting sling (weapon)
 l - a +0 falchion
 v - a +0 falchion of freezing
Missiles
 e - 143 stones (quivered)
 m - 47 sling bullets
Armour
 c - a +0 buckler (worn)
 u - a +1 helmet (worn)
 C - a +3 leather armour of magic resistance (worn)
 E - the +0 helmet of Activism {+Blink Str-3 Stlth+}
   (You found it on level 6 of the Dungeon)

   It affects your strength (-3).
   It lets you blink.
   It makes you more stealthy.
 H - the +1 cloak of Courage (worn) {+Blink rElec rPois rC-}
   (You bought it in a shop on level 7 of the Dungeon)

   It makes you vulnerable to cold.
   It insulates you from electricity.
   It protects you from poison.
   It lets you blink.
Jewellery
 q - a ring of protection from cold (left hand)
 t - an uncursed ring of flight
 G - a ring of positive energy (right hand)
Wands
 y - a wand of polymorph (5)
 z - a wand of acid (4)
 B - a wand of flame (47)
Scrolls
 f - 2 scrolls of identify
 h - 4 scrolls of teleportation {unknown}
 i - 2 scrolls of blinking {unknown}
 j - 4 scrolls of enchant armour {unknown}
 k - 7 scrolls of remove curse
 o - a scroll of noise {unknown}
 p - 3 scrolls of fog {unknown}
 A - 2 scrolls of enchant weapon {unknown}
 D - a scroll of vulnerability {unknown}
Potions
 g - a potion of magic {unknown}
 n - a potion of might
 r - 2 potions of heal wounds
 s - a potion of flight {unknown}
 w - a potion of curing
 x - 2 potions of lignification
 F - a potion of brilliance {unknown}
Comestibles
 d - 12 rations


   Skills:
 - Level 2.3 Fighting
 - Level 4.7 Long Blades
 * Level 8.9 Slings
 + Level 5.3 Armour
 - Level 2.1 Dodging
 - Level 5.7 Shields
 - Level 1.5 Spellcasting
 - Level 3.2 Charms
 + Level 6.2 Invocations
 + Level 0.8 Evocations


You had 10 spell levels left.
You knew the following spells:

 Your Spells              Type           Power        Failure   Level  Hunger
a - Infusion              Chrm           ##..         9%          1    ##.....

Your spell library contained the following spells:

 Spells                   Type           Power        Failure   Level  Hunger
 Song of Slaying          Chrm           ##......     12%         2    ###....
 Shroud of Golubria       Chrm/Tloc      #.........   24%         2    ###....
 Animate Skeleton         Necr           N/A          32%         1    ##.....
 Magic Dart               Conj           #...         32%         1    ##.....
 Pain                     Necr           #...         32%         1    ##.....
 Sandblast                Erth           #.....       32%         1    ##.....
 Summon Small Mammal      Summ           #...         32%         1    ##.....
 Blink                    Tloc           N/A          43%         2    ###....
 Call Imp                 Summ           #.......     43%         2    ###....
 Passwall                 Tmut/Erth      #.......     43%         2    ###....
 Slow                     Hex            #.......     43%         2    ###....
 Regeneration             Chrm/Necr      #.........   43%         3    ####...
 Spectral Weapon          Hex/Chrm       #.......     43%         3    ####...
 Call Canine Familiar     Summ           #.......     67%         3    ####...
 Conjure Flame            Conj/Fire      #.......     67%         3    ####...
 Mephitic Cloud           Conj/Pois/Air  #.......     67%         3    ####...
 Stone Arrow              Conj/Erth      #.....       67%         3    ####...
 Summon Guardian Golem    Hex/Summ       #.......     67%         3    ####...
 Vampiric Draining        Necr           #.........   67%         3    ####...
 Animate Dead             Necr           N/A          97%         4    #####..
 Petrify                  Tmut/Erth      #.......     97%         4    #####..
 Summon Ice Beast         Ice/Summ       #.......     97%         4    #####..
 Summon Lightning Spire   Summ/Air       #.......     97%         4    #####..
 Lee's Rapid Deconstruct  Erth           #.........   100%        5    ######.


Dungeon Overview and Level Annotations

Branches:
Dungeon (7/15)
 Temple: D:4-7

Altars:
Dithmenos
Elyvilon
Makhleb
Nemelex Xobeh
Sif Muna
Vehumet

Shops:
D:4 !   D:7 [

Annotations:
D:3 Sigmund
D:4 3 runed doors, SpaceYeku's ghost, novice HaHu
D:6 2 transporters, Jynx's ghost, novice SpEn


Innate Abilities, Weirdness & Mutations

You are small and have problems with some larger weapons.
You are somewhat resistant to further mutation.


Message History

The orc warrior is lightly wounded.
The orc priest invokes the aid of Beogh against you.
Beogh smites you!
Firing (i - inventory. (/) - cycle)
e - 145 stones (quivered)
Press: ? - help, Shift-Dir - straight line, f/p - orc warrior
Aim: an orc warrior, wielding a mace and wearing a chain mail (lightly wounded)
You shoot a stone. The stone hits the orc warrior.
The orc warrior is moderately wounded.
Firing (i - inventory. (/) - cycle)
e - 144 stones (quivered)
Press: ? - help, Shift-Dir - straight line, f/p - orc warrior
Aim: an orc warrior, wielding a mace and wearing a chain mail (moderately You shoot a stone.
The stone completely misses the orc warrior.
The orc warrior hits you with a mace! The orc wizard misses you.
You are too injured to fight recklessly!
The orc priest mumbles some strange prayers to Beogh against you.
Beogh smites you!
* * * LOW HITPOINT WARNING * * *
The orc warrior hits you with a mace!
You die...

#..(.. .. . ###+#....
.# .. #.......###(##...
#.......+..).....
#.......#.(......
#.......♣(.......
#.....♣.∩.♣###+##
#.(...o.♣.......
########....@o.o.......
#......................
#.......####+##........
#.......+ #........
#.......# #######+#
#.....<.# #.......#
#+###.......##
.............#


You could see an orc warrior, an orc priest and an orc wizard.

Vanquished Creatures
  Grinder (D:5)
  5 yaks
  Eustachio (D:5)
  A sky beast (D:5)
  An ice beast (D:5)
  2 ogres (D:5)
  A centaur (D:5)
  A scorpion (D:5)
  3 killer bees (D:6)
  A howler monkey (D:4)
  A bullfrog zombie (D:6)
  A hound (D:6)
  A bullfrog skeleton (D:4)
  Ijyb (D:4)
  Terence (D:2)
  2 iguanas
  3 worker ants
  2 orc wizards
  A hound zombie (D:6)
  Robin (D:2)
  7 gnolls
  8 adders
  A howler monkey skeleton (D:5)
  3 oozes
  2 worms
  An adder skeleton (D:5)
  A dart slug (D:1)
  2 leopard geckos
  10 orcs
  8 bats
  6 giant cockroaches
  13 goblins
  20 hobgoblins
  8 jackals
  2 quokkas
  A ball python (D:1)
  4 frilled lizards
  6 kobolds
  6 rats
140 creatures vanquished.

Notes
Turn   | Place    | Note
-------+----------+-------------------------------------------
     0 | D:1      | Knicklaso the Halfling Skald began the quest for the Orb.
     0 | D:1      | Reached XP level 1. HP: 14/14 MP: 3/3
    34 | D:1      | Reached skill level 1 in Shields
    67 | D:1      | Reached XP level 2. HP: 16/19 MP: 4/4
   554 | D:1      | Reached XP level 3. HP: 24/24 MP: 5/5
  1154 | D:2      | Found a burning altar of Makhleb.
  1184 | D:2      | Reached XP level 4. HP: 29/29 MP: 0/6
  1254 | D:2      | Noticed Terence
  1580 | D:2      | Became a worshipper of Makhleb the Destroyer
  1818 | D:2      | Killed Terence
  1818 | D:2      | Reached XP level 5. HP: 15/34 MP: 2/7
  2050 | D:2      | Reached skill level 1 in Invocations
  2446 | D:3      | Found a shadowy altar of Dithmenos.
  2628 | D:3      | Noticed Robin
  2761 | D:2      | Killed Robin
  2854 | D:3      | Reached * piety under Makhleb
  3046 | D:3      | Reached XP level 6. HP: 38/39 MP: 4/8
  3451 | D:3      | Noticed Sigmund
  3677 | D:4      | Found Utivuy's Distillery.
  3797 | D:4      | Bought a potion of lignification for 30 gold pieces
  3797 | D:4      | Bought a potion of degeneration for 10 gold pieces
  3797 | D:4      | Bought a potion of heal wounds for 50 gold pieces
  3910 | D:4      | Found a runed gate.
  4010 | D:4      | Noticed Ijyb
  4057 | D:4      | Killed Ijyb
  4161 | D:4      | Found a sparkling altar of Nemelex Xobeh.
  4279 | D:4      | Noticed SpaceYeku's ghost (novice HaHu)
  4292 | D:4      | Found a runed gate.
  4292 | D:4      | Found a runed gate.
  4493 | D:5      | Entered Level 5 of the Dungeon
  4512 | D:5      | Noticed an ice beast
  4552 | D:5      | Killed an ice beast
  4552 | D:5      | Reached XP level 7. HP: 36/45 MP: 6/9
  4648 | D:5      | Reached skill level 5 in Shields
  4870 | D:5      | Noticed Grinder
  4877 | D:5      | Paralysed by Grinder for 7 turns
  4893 | D:5      | Killed Grinder
  4893 | D:5      | Reached ** piety under Makhleb
  4893 | D:5      | Reached XP level 8. HP: 36/50 MP: 6/10
  5199 | D:5      | Reached skill level 2 in Slings
  5583 | D:5      | Reached skill level 3 in Slings
  5683 | D:5      | Noticed Eustachio
  5822 | D:5      | Killed Eustachio
  5822 | D:5      | Reached skill level 4 in Slings
  6604 | D:6      | Reached skill level 5 in Slings
  6606 | D:6      | Found a radiant altar of Vehumet.
  6732 | D:6      | Found a transporter.
  6743 | D:6      | Noticed a yak
  6745 | D:6      | Found a deep blue altar of Sif Muna.
  6784 | D:6      | Killed a yak
  6784 | D:6      | Reached skill level 6 in Slings
  6784 | D:6      | Reached skill level 5 in Invocations
  6784 | D:6      | Reached XP level 9. HP: 28/54 MP: 1/12
  6955 | D:6      | Noticed Jynx's ghost (novice SpEn)
  7037 | D:6      | Found a transporter.
  7156 | D:5      | Reached skill level 7 in Slings
  7720 | D:5      | Reached skill level 8 in Slings
  7720 | D:5      | Reached skill level 5 in Armour
  8421 | D:6      | Got a pitted helmet
  8422 | D:6      | Identified the +0 helmet of Activism {+Blink Str-3 Stlth+}
                  | (You found it on level 6 of the Dungeon)
  8455 | D:6      | Found a white marble altar of Elyvilon.
  9036 | D:7      | Found Vory's Antique Armour Boutique.
  9044 | D:7      | Bought a spiked cloak for 275 gold pieces
  9044 | D:7      | Identified the +1 cloak of Courage {+Blink rElec rPois rC-}
                  | (You bought it in a shop on level 7 of the Dungeon)
  9105 | D:7      | Slain by an orc warrior

Skill      XL: |  1  2  3  4  5  6  7  8  9 |
---------------+----------------------------+-----
Shields        | 1 2 3 4 5 |  5.7
Long Blades    | 3 4 |  4.7
Invocations    | 1 2 3 5 6 |  6.2
Fighting       | 2 |  2.3
Armour         | 2 4 5 |  5.3
Slings         | 6 8 |  8.9
Dodging        | |  2.1
Spellcasting   | |  1.5
Charms         | |  3.2
Evocations     | |  0.8

Action                   |  1- 3 |  4- 6 |  7- 9 || total
-------------------------+-------+-------+-------++-------
Melee: Falchion          |    73 |       |       ||    73
       Dagger            |    50 |   369 |   386 ||   805
       Unarmed           |       |     6 |     1 ||     7
 Fire: Hunting sling     |       |    19 |   176 ||   195
Throw: Stone             |       |     1 |       ||     1
 Cast: Infusion          |     3 |    17 |    33 ||    53
  Use: Potion            |       |     4 |     3 ||     7
       Scroll            |       |       |     3 ||     3
  Eat: Chunk             |     1 |    11 |    12 ||    24
       Ration            |       |       |     1 ||     1
Armor: Leather armour    |     5 |       |    32 ||    37
       Scale mail        |    23 |       |       ||    23
       Ring mail         |     5 |    58 |    76 ||   139
       Skin              |       |       |     4 ||     4
Dodge: Dodged            |    63 |   159 |   200 ||   422
Block: Buckler           |    30 |    77 |   110 ||   217
       Rpst.: Falchion   |    16 |       |       ||    16
